 Dungeon Crawl Stone Soup version 0.29.1-1-gd02db6906a (webtiles) character file.

Game seed: 12920121935897752495

385 Lutefisk the Sneak (level 6, -7/34 HPs)
             Began as a Vine Stalker Brigand on Oct 11, 2022.
             Killed from afar by an orc wizard (10 damage)
             ... with a puff of flame
             ... on level 4 of the Dungeon.
             The game lasted 00:09:18 (1502 turns).

Lutefisk the Sneak (Vine Stalker Brigand)           Turns: 1502, Time: 00:09:18

Health: -7/34      AC:  8    Str: 14    XL:     6   Next: 77%
Magic:  0/7        EV: 11    Int: 11    God:
Gold:   197        SH:  0    Dex: 17    Spells: 5/5 levels left

rFire   . . .      SeeInvis +   k - +1 short sword (drain)
rCold   . . .      Faith    .   (no shield)
rNeg    . . .      Spirit   +   m - +0 leather armour {rPois}
rPois   +          Reflect  .   p - +2 helmet {SInv}
rElec   .          Harm     .   c - +0 cloak
rCorr   .          Rampage  .   (no gloves)
Will    +....                   b - +0 pair of boots
Stlth   ++++......              r - amulet of regeneration
HPRegen 1.71/turn               h - ring of willpower
MPRegen 0.10/turn               (no ring)

@: no status effects
A: fangs 2, regeneration 1, magic shield, antimagic bite, no potion heal 2
a: no special abilities


You were on level 4 of the Dungeon.
You visited 1 branch of the dungeon, and saw 4 of its levels.

You collected 197 gold pieces.

Inventory:

Hand Weapons
 a - a +2 dagger
 f - a +0 sling
 k - a +1 short sword of draining (weapon)
Missiles
 d - 9 poisoned darts (quivered)
 e - 3 curare-tipped darts
Armour
 b - a +0 pair of boots (worn)
 c - a +0 cloak (worn)
 m - a +0 leather armour of poison resistance (worn)
 p - a +2 helmet of see invisible (worn)
Magical Staves
 w - a staff of earth
Jewellery
 h - a ring of willpower (left hand)
 r - an amulet of regeneration (around neck)
Scrolls
 g - 2 scrolls of vulnerability {unknown}
 i - 6 scrolls of identify {unknown}
 j - a scroll of amnesia {unknown}
 l - 2 scrolls of immolation {unknown}
 n - a scroll of fear {unknown}
 q - a scroll of brand weapon {unknown}
 s - a scroll of silence {unknown}
Potions
 o - a potion of flight {unknown}
 t - a potion of brilliance {unknown}
 u - a potion of haste {unknown}
 v - a potion of heal wounds {unknown}


   Skills:
 * Level 4.5 Fighting
 - Level 1.7 Short Blades
 - Level 2.0 Throwing
 - Level 1.0 Armour
 - Level 1.0 Dodging
 * Level 7.6 Stealth


You had 5 spell levels left.
You didn't know any spells.
Your spell library contained the following spells:

 Spells                   Type           Power      Damage    Failure   Level
 Summon Small Mammal      Summ           0%         N/A       41%         1
 Call Canine Familiar     Summ           0%         N/A       78%         3
 Summon Guardian Golem    Hex/Summ       0%         N/A       78%         3


Dungeon Overview and Level Annotations

Branches:
Dungeon (4/15)
 Temple: D:4-7

Altars:


Innate Abilities, Weirdness & Mutations

You have extremely sharp teeth.
Your natural rate of healing is unusually fast.
When hurt, damage is shared between your health and your magic reserves.
Your bite disrupts and absorbs the magic of your enemies.
Potions cannot restore your health.


Message History

The orc wizard casts a spell at you. You resist with almost no effort.
The orc shouts!
You see here a ball python corpse.
You miss the orc wizard.
You hear a shout! x2
The orc wizard hits you with a +0 dagger.
You hit the orc wizard but do no damage.
You drain the orc wizard.
The orc wizard is moderately wounded.
The orc wizard points at you and mumbles some strange words.
The magic dart hits you but does no damage.
You closely miss the orc.
The orc wizard hits you with a +0 dagger.
The orc shouts!
You hit the orc wizard. You drain the orc wizard.
Your bite misses the orc wizard.
The orc wizard is severely wounded.
The orc hits you but does no damage. Space warps horribly around you!
The orc wizard barely misses you.
Unknown command.
You hit the orc wizard.
You bite the orc wizard, but do no damage.
The orc wizard is almost dead.
The orc closely misses you. The orc hits you but does no damage.
Space warps around you.
The orc wizard gestures at you while chanting.
The puff of flame hits you! The orc attacks as you move away!
The orc hits you but does no damage. The orc closely misses you.
The orc attacks as you move away! The orc barely misses you.
The orc hits you with a +0 short sword of distortion.
Space warps horribly around you!
* * * LOW HITPOINT WARNING * * *
The orc wizard hits you but does no damage.
Unknown command.
The orc attacks as you move away! The orc barely misses you.
The orc wizard points at you and mumbles some strange words.
The puff of flame hits you!
You die...

#.##..........##
#....K.........
#..............
##...o........#
###)#.......<. #.
##.†.........# .#.
#..o......##.# #...
#ooo......##.##...#
#.@..........#....#
##...#.....)......#
######............
###......###.
##......# ##.##)##
. #.....##..
#.........
#..#.####.


You could see an orc wizard (invisible, very drained), 4 orcs and a kobold.

Vanquished Creatures
  Edmund (D:4)
  A black bear (D:3)
  A necrophage (D:4)
  6 adders
  A worm (D:2)
  A dart slug (D:2)
  4 orcs (D:4)
  8 endoplasms
  4 giant cockroaches
  5 goblins
  8 hobgoblins
  2 jackals (D:1)
  2 quokkas (D:3)
  5 ball pythons
  9 bats
  6 kobolds
  2 rats
66 creatures vanquished.

Vanquished Creatures (others)
  A plant (D:3)
1 creature vanquished.

Grand Total: 67 creatures vanquished

Notes
Turn   | Place    | Note
-------+----------+-------------------------------------------
     0 | D:1      | Lutefisk the Vine Stalker Brigand began the quest for the
                  | Orb.
     0 | D:1      | Reached XP level 1. HP: 11/11 MP: 2/2
    89 | D:1      | Reached skill level 5 in Stealth
   114 | D:2      | Reached XP level 2. HP: 15/15 MP: 3/3
   286 | D:1      | Reached XP level 3. HP: 17/19 MP: 4/4
   401 | D:1      | Found a faded altar of an unknown god.
   976 | D:3      | Gained mutation: Your natural rate of healing is unusually
                  | fast. [Vine Stalker growth]
   976 | D:3      | Reached XP level 4. HP: 24/25 MP: 5/5
  1069 | D:3      | Noticed a black bear
  1085 | D:3      | Killed a black bear
  1086 | D:3      | Reached skill level 6 in Stealth
  1086 | D:3      | Reached XP level 5. HP: 29/29 MP: 6/6
  1245 | D:4      | Reached skill level 7 in Stealth
  1245 | D:4      | Reached skill level 1 in Dodging
  1245 | D:4      | Reached XP level 6. HP: 29/33 MP: 7/7
  1261 | D:4      | Reached skill level 1 in Armour
  1313 | D:4      | Noticed Edmund
  1333 | D:4      | Killed Edmund
  1501 | D:4      | HP: 1/34 [orc/+0 short sword of distortion (13)]
  1502 | D:4      | Killed from afar by an orc wizard

Illustrated notes

Levels and vault maps discovered:
D:1:      dpeg_arrival_fog, layout_basic,
          shapermc_ecumenical_altar_totnotflames, palyth_stone_intersect
D:2:      layout_loops_cross
D:3:      cheibrodos_old_hovel, layout_rooms, mainiacjoe_overflow_big_doors
D:4:      layout_cave_pools, guppyfry_early_lair_pool, uniq_edmund

Skill      XL: |  1  2  3  4  5  6 |
---------------+-------------------+-----
Fighting       | 2 3 4 |  4.5
Stealth        | 5 6 7 |  7.6
Throwing       | 2 |  2.0
Dodging        | 1 |  1.0
Armour         | 1 |  1.0
Short Blades   | |  1.7

Action                   |  1- 3 |  4- 6 || total
-------------------------+-------+-------++-------
Melee: Dagger            |    83 |       ||    83
       Bite              |    25 |    10 ||    35
       Short sword       |    16 |    76 ||    92
       Punch             |       |     3 ||     3
Throw: Dart              |     3 |    14 ||    17
 Stab: Sleeping          |    10 |     4 ||    14
Armor: Robe              |    24 |       ||    24
       Leather armour    |     3 |    33 ||    36
Dodge: Dodged            |    45 |    34 ||    79
